 Dungeon Crawl Stone Soup version 0.26.1-2-gb8aa6d0cf2 (webtiles) character file.

Game seed: 10209496620615917114

443 YokaiYokai the Ruffian (level 6, -4/61 HPs)
             Began as a Troll Berserker on Mar 1, 2021.
             Was a Priest of Trog.
             Slain by an orc
             ... wielding a +0 morningstar
              (13 damage)
             ... on level 4 of the Dungeon.
             The game lasted 00:15:19 (2371 turns).

YokaiYokai the Ruffian (Troll Berserker)            Turns: 2371, Time: 00:15:21

Health: -4/61      AC:  7    Str: 28    XL:     6   Next: 71%
Magic:  5/5        EV: 11    Int:  3    God:    Trog [***...]
Gold:   125        SH:  0    Dex:  9    Spells: 5/5 levels left

rFire    . . .     SeeInvis .     - Unarmed
rCold    . . .     Faith    .   (no shield)
rNeg     . . .     Spirit   .   a - +0 animal skin
rPois    .         Reflect  .   (helmet restricted)
rElec    .         Harm     .   m - +0 cloak
rCorr    .         Rampage  .   (gloves unavailable)
Will     .....                  (boots unavailable)
Stlth    +.........             (no amulet)
HPRegen  0.60/turn              (no ring)
MPRegen  0.09/turn              (no ring)

@: about to teleport, berserk cooldown, slowed, very slow
A: large, unfitting armour, claws 3, regeneration 1, shaggy fur 1, tough skin 3
a: Renounce Religion, Berserk, Trog's Hand


You were on level 4 of the Dungeon.
You worshipped Trog.
Trog was most pleased with you.
You visited 1 branch of the dungeon, and saw 4 of its levels.

You collected 125 gold pieces.

Inventory:

Armour
 a - a +0 animal skin (worn)
 b - a scarf of resistance
 g - a scarf of harm
 m - a +0 cloak (worn)
Jewellery
 f - a cursed ring of ice
 k - an uncursed amulet of magic regeneration {unknown}
Wands
 p - a wand of random effects (18)
Scrolls
 d - 2 scrolls of enchant armour
 e - 4 scrolls of teleportation
 l - a scroll of noise {unknown}
 n - a scroll of fog {unknown}
 o - a scroll of random uselessness {unknown}
 r - a scroll of remove curse {unknown}
Potions
 c - a potion of resistance {unknown}
 h - a potion of degeneration {unknown}
 i - 2 potions of magic {unknown}
 j - 2 potions of might {unknown}
 q - a potion of lignification {unknown}
 s - 2 potions of heal wounds {unknown}


   Skills:
 + Level 3.0 Fighting
 + Level 4.2 Dodging
 + Level 0.8 Stealth
 + Level 5.7 Unarmed Combat


You had 5 spell levels left.
You didn't know any spells.
Your spell library was empty.

Dungeon Overview and Level Annotations

Branches:
Dungeon (4/15)
 Temple: D:4-7

Altars:
Sif Muna

Shops:
D:4 (


Innate Abilities, Weirdness & Mutations

You are too large for most types of armour.
You have claws for hands.
Your natural rate of healing is unusually fast.
You are covered in fur. (AC +1)
You have extremely tough skin. (AC +3)


Message History

You claw the orc wizard!
You kill the orc wizard!
Trog accepts your kill.
Trog appreciates your killing of a magic user.
The jackal bites you.
The giant cockroach bites you but does no damage.
The orc hits you with a +0 morningstar!
* * * LOW HITPOINT WARNING * * *
The jackal barely misses you.
The jackal bites you but does no damage.
The giant cockroach bites you but does no damage.
Things that are here:
a +0 dagger; a +0 robe
As you read the scroll of teleportation, it crumbles to dust.
You feel strangely unstable.
The jackal bites you but does no damage.
The giant cockroach bites you but does no damage.
The jackal barely misses you. The giant cockroach closely misses you.
The orc hits you with a +0 morningstar!
You die...

# #.# #.# #.#
############+# #.#
..?..........######## #.#
.!..................# #.#
.........o...######.#####.#
[.§.....†h@...............'
.........B...######..####.#
..(W.........# .....# #.#
.......#####.# #.##... #.#
..##### #.# # #.#.# #.. .
#.# #.#.# ### #.# #.#+####
.# #......# #......#


You could see a phantom, an orc, a jackal and a giant cockroach.

Vanquished Creatures
  An ogre (D:4)
  A hound (D:4)
  2 orc priests (D:4)
  2 orc wizards (D:4)
  Jessica (D:3)
  Ijyb (D:3)
  A worker ant (D:4)
  3 adders
  An ooze (D:2)
  An adder skeleton (D:4)
  A worm (D:2)
  5 dart slugs
  4 leopard geckos
  7 orcs (D:4)
  7 bats
  A giant cockroach (D:1)
  8 goblins
  6 hobgoblins
  6 jackals
  3 quokkas
  3 ball pythons
  5 frilled lizards
  7 kobolds
  A quokka skeleton (D:4)
  7 rats
85 creatures vanquished.

Vanquished Creatures (others)
  10 plants (D:1)
10 creatures vanquished.

Grand Total: 95 creatures vanquished

Notes
Turn   | Place    | Note
-------+----------+-------------------------------------------
     0 | D:1      | YokaiYokai the Troll Berserker began the quest for the Orb.
     0 | D:1      | Reached XP level 1. HP: 22/22 MP: 0/0
   138 | D:1      | Reached XP level 2. HP: 29/29 MP: 1/1
   804 | D:2      | Reached XP level 3. HP: 33/36 MP: 2/2
  1019 | D:2      | Reached ** piety under Trog
  1020 | D:2      | Reached XP level 4. HP: 44/44 MP: 3/3
  1273 | D:3      | Noticed Jessica
  1291 | D:3      | Killed Jessica
  1469 | D:3      | Reached skill level 4 in Unarmed Combat
  1531 | D:3      | Found a shimmering blue altar of Sif Muna.
  1764 | D:3      | Noticed Ijyb
  1783 | D:3      | Killed Ijyb
  1784 | D:3      | Reached XP level 5. HP: 50/52 MP: 4/4
  1980 | D:4      | Noticed an ogre
  1991 | D:4      | Killed an ogre
  1992 | D:4      | Reached XP level 6. HP: 50/59 MP: 5/5
  2015 | D:4      | Reached skill level 5 in Unarmed Combat
  2027 | D:4      | Found Tait's Weapon Shop.
  2084 | D:4      | Reached *** piety under Trog
  2371 | D:4      | Slain by an orc

Illustrated notes

Levels and vault maps discovered:
D:1:      heliophobic_arrival_battle_scene, layout_loops_ring,
          minmay_misc_feat_square, serial_bayou_lake_a
D:2:      layout_loops_cross, minmay_circled_x
D:3:      layout_rooms, lemuel_blue_sif_altar, uniq_jessica, uniq_ijyb
D:4:      layout_basic, lemuel_doored_altar, serial_shops, shop_statue

Skill      XL: |  1  2  3  4  5  6 |
---------------+-------------------+-----
Dodging        | 3 4 |  4.2
Unarmed Combat | 4 5 |  5.7
Fighting       | 3 |  3.0
Stealth        | |  0.8

Action                   |  1- 3 |  4- 6 || total
-------------------------+-------+-------++-------
Melee: Unarmed           |   115 |   118 ||   233
       Punch             |     3 |     6 ||     9
Invok: Berserk           |     3 |     4 ||     7
  Use: Scroll            |     1 |     3 ||     4
Armor: Animal skin       |    99 |    90 ||   189
Dodge: Dodged            |   104 |   133 ||   237
